 Dungeon Sprint DCSS version 0.31-a0-835-g2a3a5bc3be (webtiles) character file.

Game seed: 11215357058099121124

44 Conn the Firebug (level 3, -1/21 HPs)
             Began as an Octopode Fire Elementalist on Sept 26, 2023.
             Was a Believer of Sif Muna.
             Killed by divine providence
             ... invoked by an orc priest
              (16 damage)
             ... in the Dungeon (Sprint VII: "The Pits").
             The game lasted 00:02:18 (346 turns).

Conn the Firebug (Octopode Fire Elementalist)        Turns: 346, Time: 00:02:19

Health: -1/21      AC:  1    Str:  7    XL:     3   Next: 62%
Magic:  3/7        EV: 13    Int: 19    God:    Sif Muna [**....]
Gold:   0          SH:  0    Dex: 12    Spells: 2/8 levels left

rFire   . . .        l - +1 flail (protect)
rCold   . . .        (no shield)
rNeg    . . .        (helmet restricted)
rPois   .            (no amulet)
rElec   .            (no ring)
rCorr   .            (no ring)
SInv    .            (no ring)
Will    .....        (no ring)
Stlth   ++++         (no ring)
HPRegen 0.23/turn    (no ring)
MPRegen 0.10/turn    (no ring)
                     (no ring)

%: no teleportation
@: no status effects
A: almost no armour, amphibious, 8 rings, camouflage 1, gelatinous body 1,
(nimble swimmer 1), tentacles
a: Renounce Religion, Channel Magic


You were in the Dungeon.
You worshipped Sif Muna.
Sif Muna was pleased with you.
You visited 1 branch

Inventory:

Hand Weapons
 g - a +2 dagger of venom
 l - a +1 flail of protection (weapon)
Scrolls
 f - a scroll of blinking
 i - 2 scrolls of vulnerability
 j - 5 scrolls of amnesia
 k - a scroll of butterflies
Potions
 a - 4 potions of magic
 b - 6 potions of curing
 c - 5 potions of heal wounds
 d - a potion of haste
 e - 3 potions of berserk rage
 h - 2 potions of invisibility


   Skills:
 + Level 3.2 Dodging
 + Level 4.6 Stealth
 * Level 3.4 Spellcasting
 * Level 1.7 Conjurations
 + Level 5.3 Fire Magic


You had 2 spell levels left.
You knew the following spells:

 Your Spells              Type           Power      Damage    Failure   Level
a - Foxfire               Conj/Fire      64%        2x1d7     3%          1
b - Scorch                Fire           46%        2d6       2%          2
c - Inner Flame           Hex/Fire       13%        N/A       14%         3

Your spell library contained the following spells:

 Spells                   Type           Power      Damage    Failure   Level
 Volatile Blastmotes      Fire/Tloc      26%        2d12      14%         3
 Flame Wave               Conj/Fire      16%        2d7       32%         4


Dungeon Overview and Level Annotations

Branches:
Dungeon (1/1)

Altars:
Ashenzari
Cheibriados
Dithmenos
Elyvilon
Fedhas
Gozag
Hepliaklqana
Kikubaaqudgha
Makhleb
Nemelex Xobeh
Okawaru
Qazlal
Ru
Sif Muna
Trog
Uskayaw
Vehumet
Wu Jian
Xom
Yredelemnul
Zin
The Shining One
Jiyva
Lugonu


Innate Abilities, Weirdness & Mutations

You cannot wear most types of armour.
You are amphibious.
You can wear up to eight rings at the same time.
Your skin changes colour to match your surroundings (Stealth+).
Your rubbery body absorbs attacks. (AC +1, EV +1)
((You are camouflaged when in or above water. (Stealth+)))
You have tentacles for arms and can constrict up to eight enemies at once.


Message History

The orc priest miscasts a cantrip.
The orc sings a few bars from the Orcish anthem.
A kobold comes into view. It is wielding a +0 whip.
Unknown command.
Unknown command.
Unknown command.
Unknown command.
Okay, then.
Unknown command.
Magic courses through your body. The warg bites you!
Ouch! That really hurt!
You feel much better. The warg bites you.
Casting: Inner Flame (extremely dangerous; 14% risk of failure)
Confirm with . or Enter, or press ? or * to list all spells.
Okay, then.
Unknown command.
Unknown command.
Unknown command.
You completely miss the warg. Your squeeze misses the warg.
The warg barely misses you. The warg closely misses you.
Unknown command.
You closely miss the warg. The warg closely misses you. The warg misses you.
Casting: Inner Flame (extremely dangerous; 14% risk of failure)
Confirm with . or Enter, or press ? or * to list all spells.
Flames lash the orc.
The orc is heavily wounded.
The orc's fire resistance burns away.
You hear a shout!
An orc comes into view. It is wielding a +0 falchion.
The warg bites you.
Casting: Scorch (safe; 2% risk of failure)
Confirm with . or Enter, or press ? or * to list all spells.
Flames lash the white imp.
The white imp is burned terribly!
Flame seeps out of the white imp.
The white imp is almost dead.
The white imp's fire resistance burns away.
The orc priest invokes the aid of Beogh against you.
Beogh smites you!
Ouch! That really hurt!
You die...

#...........'.....
#'#####'#####.....
#.#[[#.รทรท..##.....
#.#))#####'#####'#
#.#).#..)..##.....
#.#))#.....##.....
#.#..###)####.....
#.##'#.....##...<.
#@#........##.....
#h#..)....)##.....
#5###########.....


#oo ###### #oo# #..o ##.## .. .# You could see a warg, an orc priest, a white
imp (inner flame, combustible) and 4 orcs.

Vanquished Creatures
  A gnoll (D)
  2 adders (D)
  A river rat (D)
  An orc (D)
  A giant cockroach (D)
  2 goblins (D)
  A quokka (D)
9 creatures vanquished.

Vanquished Creatures (others)
  17 foxfires (D)
17 creatures vanquished.

Grand Total: 26 creatures vanquished

Notes
Turn   | Place    | Note
-------+----------+-------------------------------------------
     0 | D        | Conn the Octopode Fire Elementalist began the quest for the
                  | Orb.
     0 | D        | Reached XP level 1. HP: 11/11 MP: 3/3
    81 | D        | Found a bloodstained altar of Trog.
    81 | D        | Found a shimmering blue altar of Sif Muna.
    81 | D        | Found a viscous altar of Jiyva.
    81 | D        | Found a hazy altar of Hepliaklqana.
    81 | D        | Found an opulent altar of Gozag.
    82 | D        | Found a glowing golden altar of the Shining One.
    82 | D        | Found a glowing silver altar of Zin.
    82 | D        | Found a basalt altar of Yredelemnul.
    82 | D        | Found a shimmering altar of Xom.
    82 | D        | Found an ornate altar of the Wu Jian Council.
    82 | D        | Found a sacrificial altar of Ru.
    82 | D        | Found a stormy altar of Qazlal.
    82 | D        | Found an iron altar of Okawaru.
    82 | D        | Found a sparkling altar of Nemelex Xobeh.
    82 | D        | Found a burning altar of Makhleb.
    82 | D        | Found a blossoming altar of Fedhas.
    82 | D        | Found a white marble altar of Elyvilon.
    82 | D        | Found a shadowy altar of Dithmenos.
    82 | D        | Found a snail-covered altar of Cheibriados.
    84 | D        | Found a corrupted altar of Lugonu.
    84 | D        | Found a radiant altar of Vehumet.
    85 | D        | Found an ancient bone altar of Kikubaaqudgha.
    85 | D        | Found a hide-covered altar of Uskayaw.
    85 | D        | Found a broken altar of Ashenzari.
    86 | D        | Became a worshipper of Sif Muna the Loreminder
   109 | D        | Reached skill level 4 in Fire Magic
   109 | D        | Reached XP level 2. HP: 12/17 MP: 3/5
   156 | D        | Learned a level 2 spell: Scorch
   161 | D        | Reached * piety under Sif Muna
   166 | D        | Reached skill level 5 in Fire Magic
   191 | D        | Reached XP level 3. HP: 21/21 MP: 3/7
   194 | D        | Reached ** piety under Sif Muna
   263 | D        | Learned a level 3 spell: Inner Flame
   337 | D        | Noticed a warg
   346 | D        | Killed from afar by an orc priest

Illustrated notes

Levels and vault maps discovered:
D:        pitsprint [storerooms_1, entrance_room_1, metal_vault_6, armoury_1,
          mini_pit_1, grid_room_1, main_hall_1, silver_pit, the_coven_3,
          the_vestibule_1, steel_vault_2, golden_pit, hallway_of_sentries,
          crystal_vault_2, iron_vault_1, final_vault]

Skill      XL: |  1  2  3 |
---------------+----------+-----
Stealth        | 3 4 |  4.6
Fire Magic     | 4 5 |  5.3
Dodging        | 3 |  3.2
Spellcasting   | 3 |  3.4
Conjurations   | |  1.7

Action                     || total
---------------------------++-------
  Melee: Dagger            ||    10
         Unarmed           ||     3
         Constrict         ||     3
         Tentacles         ||     3
         Flail             ||     2
   Cast: Foxfire           ||    10
         Inner Flame       ||     2
         Scorch            ||     2
    Use: Potion            ||     2
   Stab: Sleeping          ||     3
 Armour: Skin              ||     8
  Dodge: Dodged            ||    16

Table legend: (Time is in decaauts)
 A = Elapsed time spent in this place.
 B = Non-inter-level travel time spent in this place.
 C = Inter-level travel time spent in this place.
 D = Time resting spent in this place.
 E = Time spent auto-exploring this place.
 F = Levels seen in this place.
 G = Mean time per level.
                   A        B        C        D        E       F      G
               +--------+--------+--------+--------+--------+-----+--------+
         Total |    345 |    345 |      0 |    145 |      0 |   1 |  345.0 |
       Dungeon |    345 |    345 |      0 |    145 |      0 |   1 |  345.0 |
               +--------+--------+--------+--------+--------+-----+--------+

Top non-repeatable levels by time:
       D: 345 daAuts
